 Dungeon Crawl Stone Soup version 0.26.1-12-g5ba1501909 (webtiles) character file.

Game seed: 12409473882169022564

93 Zeld the Chucker (level 4, -1/42 HPs)
             Began as a Troll Hunter on Oct 28, 2021.
             Slain by an orc wizard
             ... wielding a +0 dagger
              (5 damage)
             ... on level 3 of the Dungeon.
             The game lasted 00:03:29 (1750 turns).

Zeld the Chucker (Troll Hunter)                     Turns: 1750, Time: 00:03:30

Health: -1/42      AC:  6    Str: 21    XL:     4   Next: 36%
Magic:  3/3        EV: 10    Int:  7    God:
Gold:   93         SH:  0    Dex: 10    Spells: 3/3 levels left

rFire    + . .     SeeInvis .   a - +0 mace
rCold    + . .     Faith    .   (no shield)
rNeg     . . .     Spirit   .   b - +0 robe
rPois    .         Reflect  .   (helmet restricted)
rElec    .         Harm     .   r - scarf {rC+ rF+}
rCorr    .         Rampage  .   (gloves unavailable)
Will     .....                  (boots unavailable)
Stlth    +.........             (no amulet)
HPRegen  0.54/turn              (no ring)
MPRegen  0.08/turn              (no ring)

@: no status effects
A: large, unfitting armour, claws 3, regeneration 1, shaggy fur 1, tough skin 3
a: no special abilities


You were on level 3 of the Dungeon.
You visited 1 branch of the dungeon, and saw 3 of its levels.

You collected 93 gold pieces.

Inventory:

Hand Weapons
 a - a +0 mace (weapon)
Missiles
 c - 2 large rocks (quivered)
 d - 2 throwing nets
 g - 8 javelins
 t - 3 silver boomerangs
Armour
 b - a +0 robe (worn)
 r - a scarf of resistance (worn)
Jewellery
 e - a +6 ring of strength {unknown}
Wands
 v - a wand of flame (16)
Scrolls
 f - 5 scrolls of remove curse {unknown}
 j - a scroll of amnesia {unknown}
 l - a scroll of noise {unknown}
 m - a scroll of enchant weapon {unknown}
 o - a scroll of teleportation {unknown}
 p - 3 scrolls of fog {unknown}
 u - a scroll of enchant armour {unknown}
Potions
 h - 2 potions of heal wounds {unknown}
 i - a potion of lignification {unknown}
 k - a potion of haste {unknown}
 n - 5 potions of curing {unknown}
 q - a potion of degeneration {unknown}
 s - a potion of cancellation {unknown}
 w - 2 potions of berserk rage {unknown}
 x - a potion of mutation {unknown}


   Skills:
 * Level 2.2 Fighting
 * Level 1.7 Maces & Flails
 * Level 4.1 Throwing
 + Level 1.9 Dodging
 + Level 0.8 Stealth


You had 3 spell levels left.
You didn't know any spells.
Your spell library was empty.

Dungeon Overview and Level Annotations

Branches:
Dungeon (3/15)

Altars:
Gozag
Sif Muna


Innate Abilities, Weirdness & Mutations

You are too large for most types of armour.
You have claws for hands.
Your natural rate of healing is unusually fast.
You are covered in fur. (AC +1)
You have extremely tough skin. (AC +3)


Message History

Throw: 4 large rocks
Press: ? - help, Q - select action, (/) - cycle Shift-Dir - straight line, f/p - orc priest
Aim: an orc priest, wearing a +0 leather armour (59% to hit)
You throw a large rock. The large rock barely misses the orc.
The large rock hits the orc priest!!
You kill the orc priest!
The orc closely misses you.
The orc wizard gestures at you while chanting.
The puff of flame misses you.
The orc wizard hits you with a +0 dagger.
* * * LOW HITPOINT WARNING * * *
The orc hits you but does no damage.
You have reached level 4!
Throw: 3 large rocks
Press: ? - help, Q - select action, (/) - cycle Shift-Dir - straight line, f - orc wizard
Aim: an orc wizard, wielding a +0 dagger and wearing a +0 robe (51% to hit)
You throw a large rock.
The large rock barely misses the orc wizard.
The orc wizard hits you with a +0 dagger.
You die...

............$#..........#........
............⌠#..........#########
......o....$#...#####.##
#r.8o..8..##...# #.#
#o.ooo.o.###...# #>#
#.#########....#####.#
#....o..r...#oo......#
################o#######
.........(.....o@#
.################# †# .# .# .# .#
'############ ............#


You could see an orc wizard and 3 orcs.

Vanquished Creatures
  An orc priest (D:3)
  An adder (D:2)
  An ooze (D:1)
  A worm (D:2)
  A dart slug (D:2)
  2 leopard geckos
  2 orcs (D:3)
  6 bats
  A giant cockroach (D:1)
  3 goblins
  7 hobgoblins
  8 frilled lizards
  5 kobolds
  6 rats
45 creatures vanquished.

Notes
Turn   | Place    | Note
-------+----------+-------------------------------------------
     0 | D:1      | Zeld the Troll Hunter began the quest for the Orb.
     0 | D:1      | Reached XP level 1. HP: 19/19 MP: 0/0
   214 | D:1      | Reached XP level 2. HP: 27/28 MP: 1/1
   661 | D:2      | Reached skill level 1 in Maces & Flails
   676 | D:2      | Reached XP level 3. HP: 35/35 MP: 2/2
   824 | D:2      | Found an opulent altar of Gozag.
   883 | D:2      | Reached skill level 4 in Throwing
  1444 | D:2      | Found a shimmering blue altar of Sif Muna.
  1750 | D:3      | Reached XP level 4. HP: 3/42 MP: 3/3
  1750 | D:3      | Slain by an orc wizard

Illustrated notes

Levels and vault maps discovered:
D:1:      matt_arrival_spirals, layout_basic
D:2:      layout_basic, lemuel_doored_altar, led_sif_pool
D:3:      cheibrodos_pilgrimage, layout_basic, cheibriados_altar_1,
          general_overflow_altar, nicolae_gozag_zags_fifth_avenue

Skill      XL: |  1  2  3 |
---------------+----------+-----
Maces & Flails | 1 |  1.7
Throwing       | 4 |  4.1
Fighting       | 2 |  2.2
Dodging        | |  1.9
Stealth        | |  0.8

Action                   |  1- 3 |  4- 6 || total
-------------------------+-------+-------++-------
Melee: Mace              |   189 |       ||   189
       Unarmed           |     1 |       ||     1
Throw: Large rock        |     2 |     1 ||     3
 Stab: Sleeping          |     2 |       ||     2
Armor: Robe              |   118 |       ||   118
Dodge: Dodged            |   148 |       ||   148
